 Dungeon Crawl Stone Soup version 0.32-a0-876-gcfddb08e57 (webtiles) character file.

Game seed: 17290198833308546212

235 TacoSundae the Changeling (level 5, -2/26 HPs)
             Began as a Spriggan Shapeshifter on Apr 1, 2024.
             Was an Initiate of Wu Jian.
             Slain by a sleepcap (21 damage)
             ... on level 4 of the Dungeon.
             The game lasted 00:13:44 (3316 turns).

TacoSundae the Changeling (Spriggan Shapeshifter)   Turns: 3316, Time: 00:13:44

Health: -2/26      AC:  2    Str: 12    XL:     5   Next: 76%
Magic:  6/6        EV:  4    Int: 11    God:    Wu Jian [......]
Gold:   154        SH:  0    Dex: 15    Spells: 4/4 levels left

rFire   . .          .
                       - Unarmed
rCold   . . .        (no shield)
rNeg    . . .        a - +0 animal skin
rPois   .            (helmet currently unavailable)
rElec   .            (cloak currently unavailable)
rCorr   .            (gloves unavailable)
SInv    +            (boots unavailable)
Will    .....        (no amulet)
Stlth   +            (no ring)
HPRegen 0.24/turn    (no ring)
MPRegen 0.10/turn

%: no passive effects
@: beast-form, sleeping, very quick
A: beast (slay +2), very small, no large weapons, unfitting armour, see
invisible, speed 3
a: Begin Untransformation, Renounce Religion


You were on level 4 of the Dungeon.
You worshipped Wu Jian.
Wu Jian was noncommittal.
You were a hulking beast.
You visited 2 branches of the dungeon, and saw 5 of its levels.

You collected 154 gold pieces.

Inventory:

Missiles
 g - 5 datura-tipped darts (quivered)
Armour
 a - a +0 animal skin (worn)
Magical Staves
 f - a staff of air
Talismans
 c - a beast talisman (active)
 d - a flux talisman
 h - a blade talisman
Potions
 b - 2 potions of lignification
 e - a potion of attraction
 i - 2 potions of heal wounds
 j - a potion of ambrosia {unknown}
 k - a potion of mutation
 l - 2 potions of invisibility


   Skills:
 + Level 2.1 Fighting
 + Level 4.2 Dodging
 * Level 3.9 Unarmed Combat
 + Level 5.1 Shapeshifting


You had 4 spell levels left.
You didn't know any spells.
Your spell library contained the following spells:

 Spells                   Type           Power      Damage    Failure   Level
 Scorch                   Fire           0%         2d5       47%         2
 Flame Wave               Conj/Fire      0%         2d4       98%         4
 Summon Cactus Giant      Summ           0%         N/A       100%        6
 Malign Gateway           Summ/Tloc      0%         N/A       100%        7
 Summon Horrible Things   Summ           0%         N/A       100%        8


Dungeon Overview and Level Annotations

Branches:
Dungeon (4/15)             Temple (1/1) D:4

Altars:
Cheibriados
Dithmenos
Elyvilon
Fedhas
Gozag
Hepliaklqana
Kikubaaqudgha
Makhleb
Nemelex Xobeh
Ru
Sif Muna
Trog
Uskayaw
Wu Jian
Xom
Yredelemnul
Zin
The Shining One

Shops:
D:2 =   D:4 ?

Annotations:
D:4 2 transporters, Eustachio


Innate Abilities, Weirdness & Mutations

You are a hulking beast.
Your limbs bulge with bestial killing power. (Slay +2)
You are very small and have problems with some larger weapons.
You are too small for most types of armour.
You have supernaturally acute eyesight. (SInv)
You cover ground extremely quickly. (Speed+++)


Message History

There is an open door here.
There is a stone staircase leading down here.
You start resting.
HP restored.
You climb downwards.
Level annotation: 2 transporters, Eustachio
There is a stone staircase leading up here.
You now have 154 gold pieces (gained 8).
A sleepcap comes into view.
You hit the sleepcap.
The sleepcap is lightly damaged.
The sleepcap barely misses you.
You hit the sleepcap but do no damage.
The sleepcap is lightly damaged.
The sleepcap completely misses you.
You hit the sleepcap.
The sleepcap is lightly damaged.
You hit the sleepcap.
The sleepcap is moderately damaged.
The sleepcap misses you.
You hit the sleepcap.
The sleepcap is heavily damaged.
The sleepcap closely misses you.
You hit the sleepcap but do no damage.
The sleepcap is heavily damaged.
The sleepcap closely misses you.
You hit the sleepcap but do no damage.
The sleepcap is heavily damaged.
The sleepcap closely misses you.
You hit the sleepcap but do no damage.
The sleepcap is heavily damaged.
The sleepcap misses you.
You hit the sleepcap. You punch the sleepcap.
The sleepcap is heavily damaged.
The sleepcap releases spores at you!
You are engulfed in a cloud of soporific spores!
You fall asleep.
The sleepcap releases spores at you!!
Ouch! That really hurt!
You die...

#.. ###...##.#
#). #..####.
#.. ##.. ##
##.. .## ##...
..## #.... .#.#
....## ##...#
#f.#######....#
#.h.........#
##.........##
#...####.#.#
#..### ##..##
#..# #.#.# #..#
#..## ...#
#..### ....#
#.#..###
##...<.#


You could see a sleepcap.

Vanquished Creatures
  A sleepcap (D:4)
  2 iguanas
  Robin (D:3)
  4 adders
  2 dart slugs
  3 ribbon worms
  3 orcs (D:3)
  3 ball pythons
  6 bats
  7 endoplasms
  3 giant cockroaches
  11 hobgoblins
  9 jackals
  2 kobolds
  3 quokkas
  6 frilled lizards
  20 goblins
  3 rats
89 creatures vanquished.

Notes
Turn   | Place    | Note
-------+----------+-------------------------------------------
     0 | D:1      | TacoSundae the Spriggan Shapeshifter began the quest for
                  | the Orb.
     0 | D:1      | Reached XP level 1. HP: 9/9 MP: 2/2
    87 | D:1      | Reached skill level 1 in Fighting
    98 | D:1      | Reached XP level 2. HP: 14/14 MP: 3/3
   409 | D:1      | Found a faded altar of an unknown god.
   551 | D:1      | Reached XP level 3. HP: 18/18 MP: 4/4
   851 | D:2      | Reached XP level 4. HP: 4/22 MP: 5/5
  1325 | D:2      | Found Atratabb's Jewellery Emporium.
  1500 | D:3      | Noticed Robin
  1786 | D:3      | Found a shimmering blue altar of Sif Muna.
  1963 | D:3      | Reached XP level 5. HP: 26/26 MP: 6/6
  2194 | D:3      | Killed Robin
  2488 | D:4      | Found a transporter.
  2501 | D:4      | Found Ceegodi's Magic Scroll Emporium.
  2503 | D:4      | Found a transporter.
  2703 | D:4      | Found a staircase to the Ecumenical Temple.
  2785 | Temple   | Entered the Ecumenical Temple
  2805 | Temple   | Became a worshipper of the Wu Jian Council
  2984 | D:4      | Reached skill level 5 in Shapeshifting
  3160 | D:4      | Noticed Eustachio
  3316 | D:4      | Slain by a sleepcap

Illustrated notes

Levels and vault maps discovered:
D:1:      dpeg_arrival_tiny_a, layout_basic, shapermc_ecumenical_altar_ellora,
          hangedman_decor_lopped, minmay_misc_feat_tiny,
          amcnicky_mini_pool_small
D:2:      layout_basic, serial_shops, shop, minmay_pentomino_pile
D:3:      minmay_inner_zag, layout_basic, nicolae_sif_muna_little_library,
          uniq_robin
D:4:      layout_layer_cave, temple_fountains, serial_shops,
          nicolae_shop_drivethru, serial_rivers, chequers_serial_rivers_small_a,
          chequers_serial_rivers_micro_b, chequers_serial_rivers_large_a,
          chequers_serial_rivers_micro_e, chequers_serial_rivers_small_a,
          chequers_serial_rivers_room_b, uniq_eustachio
Temple:   sentei_temple_godly_chess

Skill      XL: |  1  2  3  4  5 |
---------------+----------------+-----
Fighting       | 1 2 |  2.1
Dodging        | 3 4 |  4.2
Unarmed Combat | 3 |  3.9
Shapeshifting  | 5 |  5.1

Action                     |  1- 3 |  4- 6 || total
---------------------------+-------+-------++-------
  Melee: Unarmed           |   124 |   179 ||   303
         Punch             |     2 |     5 ||     7
Ability: Lunge             |       |     3 ||     3
    Use: Scroll            |     3 |     6 ||     9
         Potion            |       |     1 ||     1
   Stab: Sleeping          |     2 |     5 ||     7
 Armour: Animal skin       |    29 |    45 ||    74
         Skin              |       |     1 ||     1
  Dodge: Dodged            |    98 |   119 ||   217
   Form: Beast             |       |     1 ||     1
         Flux              |       |     1 ||     1

Table legend: (Time is in decaauts)
 A = Elapsed time spent in this place.
 B = Non-inter-level travel time spent in this place.
 C = Inter-level travel time spent in this place.
 D = Time resting spent in this place.
 E = Time spent auto-exploring this place.
 F = Levels seen in this place.
 G = Mean time per level.
                   A        B        C        D        E       F      G
               +--------+--------+--------+--------+--------+-----+--------+
         Total |   2290 |   2239 |     51 |    118 |   1122 |   5 |  458.0 |
       Dungeon |   2272 |   2221 |     51 |    118 |   1122 |   4 |  568.0 |
        Temple |     17 |     17 |      0 |      0 |      0 |   1 |   17.0 |
               +--------+--------+--------+--------+--------+-----+--------+

Top non-repeatable levels by time:
     D:3: 676 daAuts
     D:2: 608 daAuts
     D:4: 511 daAuts
     D:1: 476 daAuts
  Temple: 17 daAuts
